[Event "Titled Tuesday Blitz March 08 Early 2022"]
[White "Bashirli, Nail"]
[Black "Fier, Alexandr"]
[WhiteFideId "13406809"]
[BlackFideId "2107139"]
[WhiteElo "2333"]
[BlackElo "2571"]
[Result "1-0"]
[Round "08"]
[TimeControl "180+1"]
[Date "2022.03.08"]
[WhiteClock "0:01:04"]
[BlackClock "0:01:00"]

1. e4 e6 2. Qe2 c5 3. g3 Nc6 4. Bg2 g6 5. c3 Bg7 6. f4 d6 7. Nf3 Nge7 8. O-O O-O 9. d3 b5 10. Be3 b4 11. c4 Rb8 12. Qc2 e5 13. Nbd2 f5 14. Rae1 Kh8 15. fxe5 Nxe5 16. Nxe5 Bxe5 17. Nf3 Bg7 18. e5 Nc6 19. exd6 Qxd6 20. Bf4 Qd8 21. Bxb8 Nxb8 22. Qf2 Qd6 23. Kh1 Nc6 24. Qe3 Bd7 25. b3 h6 26. Qf4 Qf6 27. Qc7 Rd8 28. Re2 Be8 29. Rfe1 Bf7 30. Ne5 Nxe5 31. Rxe5 Rxd3 32. Re7 Bg8 33. Re8 Kh7 34. Qxc5 Rd2 35. Qc8 Bf7 36. R8e7 Rxa2 37. Rxf7 Qxf7 38. Bd5 Qf8 39. Re8 Qf6 40. Rh8+ 1-0


[Site "https://www.chess.com"]

[Event "Titled Tuesday Blitz March 08 Early 2022"]
[White "Batsiashvili, Nino"]
[Black "Clawitter, Craig"]
[WhiteFideId "13602993"]
[BlackFideId "2023105"]
[WhiteElo "2192"]
[BlackElo "2278"]
[Result "1-0"]
[Round "08"]
[TimeControl "180+1"]
[Date "2022.03.09"]
[WhiteClock "0:01:24"]
[BlackClock "0:00:01"]

1. d4 e6 2. c4 Nf6 3. Nc3 d5 4. Nf3 dxc4 5. e4 Bb4 6. Bxc4 Nxe4 7. O-O Nxc3 8. bxc3 Be7 9. Re1 O-O 10. Bf4 c5 11. h4 Nc6 12. h5 h6 13. Qd3 Na5 14. Bb5 Bd7 15. Ne5 Bxb5 16. Qxb5 a6 17. Qd3 cxd4 18. cxd4 Rc8 19. Qg3 Kh8 20. Rad1 Qd5 21. Rd3 Nc6 22. Red1 Nxe5 23. Bxe5 Bf6 24. Bxf6 gxf6 25. Qf4 Qg5 26. Qf3 Rg8 27. Qxb7 Rb8 28. Qf3 Rb2 29. d5 e5 30. d6 Rb4 31. d7 Rf4 32. Qh3 Rg4 33. Rg3 Rxg3 34. Qxg3 Qxg3 35. fxg3 Rd8 36. g4 Kg7 37. Rd6 Kf8 38. Rxf6 Rxd7 39. Rxh6 Rd1+ 40. Kh2 e4 41. Kg3 Rf1 42. Rh8+ Ke7 43. h6 e3 44. h7 e2 45. Re8+ Kxe8 46. h8=Q+ Kd7 47. Qd4+ Kc8 48. Qc4+ 1-0


[Site "https://www.chess.com"]

[Event "Titled Tuesday Blitz March 08 Early 2022"]
[White "Begunov, Konstantin"]
[Black "Lopez Del Alamo, Antonio"]
[WhiteFideId "4118510"]
[BlackFideId "2227339"]
[WhiteElo "2262"]
[BlackElo "2082"]
[Result "1-0"]
[Round "08"]
[TimeControl "180+1"]
[Date "2022.03.09"]
[WhiteClock "0:02:01"]
[BlackClock "0:00:37"]

1. d4 Nf6 2. c4 g6 3. f3 Bg7 4. e4 d6 5. Nc3 O-O 6. Be3 b6 7. Bd3 a6 8. Nge2 c5 9. d5 e6 10. dxe6 Bxe6 11. O-O Nc6 12. Qd2 Nd7 13. b3 Rb8 14. Rad1 f5 15. exf5 gxf5 16. Bc2 Be5 17. f4 Bxc3 18. Nxc3 Nf6 19. Qxd6 Qxd6 20. Rxd6 Nd8 21. Na4 Ng4 22. Bc1 b5 23. Nxc5 Bf7 24. Nd7 Nb7 25. Rb6 1-0


[Site "https://www.chess.com"]

[Event "Titled Tuesday Blitz March 08 Early 2022"]
[White "Berezin, Viktor"]
[Black "Popadic, Dragan"]
[WhiteFideId "14107872"]
[BlackFideId "913650"]
[WhiteElo "2310"]
[BlackElo "2222"]
[Result "0-1"]
[Round "08"]
[TimeControl "180+1"]
[Date "2022.03.09"]
[WhiteClock "0:00:20"]
[BlackClock "0:00:53"]

1. d4 Nf6 2. Nf3 g6 3. g3 Bg7 4. Bg2 O-O 5. O-O d6 6. a4 a5 7. Nc3 Nc6 8. e4 e5 9. h3 Bd7 10. Re1 Re8 11. dxe5 Nxe5 12. Nxe5 dxe5 13. Be3 Bc6 14. Nd5 Bxd5 15. exd5 Qd7 16. c4 Rad8 17. Qb3 b6 18. Rad1 Bf8 19. Bg5 Qf5 20. Bxf6 Qxf6 21. Qc3 Bc5 22. Re2 Re7 23. Rde1 Rde8 24. Kh2 Kg7 25. Rf1 e4 26. Qc2 Qf5 27. Rfe1 e3 28. Qc3+ Qf6 29. Qxf6+ Kxf6 30. f4 Bb4 31. Rd1 Bd2 32. Bf3 g5 33. h4 gxf4 34. gxf4 Rg8 35. Rg1 Ree8 36. Reg2 Rxg2+ 37. Rxg2 Kf5 38. Rg7 e2 39. Rxf7+ Kg6 0-1


[Site "https://www.chess.com"]

[Event "Titled Tuesday Blitz March 08 Early 2022"]
[White "Bettalli, Francesco"]
[Black "Arabidze, Meri"]
[WhiteFideId "2816453"]
[BlackFideId "13604040"]
[WhiteElo "2216"]
[BlackElo "2335"]
[Result "1-0"]
[Round "08"]
[TimeControl "180+1"]
[Date "2022.03.09"]
[WhiteClock "0:00:07"]
[BlackClock "0:00:01"]

1. d4 f5 2. g4 d5 3. gxf5 Bxf5 4. Bg2 Nf6 5. Bg5 c6 6. e3 Nbd7 7. Ne2 Qb6 8. Nbc3 h6 9. Bf4 g5 10. Be5 Bg7 11. Ng3 Bg6 12. h4 Qxb2 13. Nce2 Bxc2 14. Qc1 Qxc1+ 15. Rxc1 Bg6 16. f4 gxh4 17. Rxh4 h5 18. f5 Bf7 19. Nf4 O-O-O 20. a4 Rdg8 21. Bf1 Ng4 22. Bxg7 Rxg7 23. Rc3 Ngf6 24. Rh3 Rxg3 25. Rxg3 Ne4 26. Rg7 Nxc3 27. Rxf7 Nf6 28. Rxe7 Nce4 29. a5 a6 30. Ne6 h4 31. Bh3 Rg8 32. Ke2 Rg3 33. Nf4 Rg8 34. Ne6 Rg3 35. Nf4 Kb8 36. Rf7 Ka7 37. Rf8 Nc3+ 38. Kd3 Nce4 39. Ke2 Nh5 40. Nxh5 Rxh3 41. Nf4 Rh2+ 42. Kf1 Rh1+ 43. Kg2 Re1 44. Ne6 Rxe3 45. Nd8 Re2+ 46. Kf3 Rf2+ 47. Ke3 Rg2 48. Rf7 Rg3+ 49. Kf4 Kb8 50. Rf8 Kc7 51. Ne6+ Kd7 52. Rf7+ Ke8 53. Rh7 h3 54. Ke5 Re3 55. Kf4 Re2 56. Rxh3 Nd6 57. Rh8+ Kf7 58. Rh7+ Kg8 59. Rd7 Rg2 60. Rxd6 Ra2 61. Ke5 Re2+ 62. Kf6 Re4 63. Rd8+ Kh7 64. Ng5+ Kh6 65. Rh8# 1-0


[Site "https://www.chess.com"]

[Event "Titled Tuesday Blitz March 08 Early 2022"]
[White "Bilan, Danila"]
[Black "Mohammad Fahad, Rahman"]
[WhiteFideId "24161918"]
[BlackFideId "10207791"]
[WhiteElo "2164"]
[BlackElo "2323"]
[Result "0-1"]
[Round "08"]
[TimeControl "180+1"]
[Date "2022.03.09"]
[WhiteClock "0:00:22"]
[BlackClock "0:00:10"]

1. d4 g6 2. Nf3 Bg7 3. c4 d6 4. Nc3 Nc6 5. e4 e5 6. d5 Nd4 7. Be3 Bg4 8. Be2 Bxf3 9. Bxf3 c5 10. dxc6 bxc6 11. O-O c5 12. Nd5 Ne7 13. Bg5 f6 14. Bxf6 Bxf6 15. Nxf6+ Kf7 16. Nd5 Nxd5 17. exd5 Rb8 18. b3 Kg7 19. Be4 Qh4 20. f3 Rhf8 21. Qd3 Rb4 22. Rab1 a5 23. a3 Rb6 24. Rb2 Rfb8 25. Rfb1 Qg5 26. Qc3 Rxb3 27. Rxb3 Ne2+ 28. Kf2 Nxc3 29. Rxb8 Qd2+ 30. Kg1 Qd4+ 31. Kh1 Nxb1 32. Rxb1 Qxc4 33. h3 a4 34. Rb6 Qc1+ 35. Kh2 Qxa3 36. Rxd6 Qe3 37. Rd7+ Kf6 38. Ra7 a3 39. d6 Qf4+ 40. Kh1 Qc1+ 41. Kh2 Qd2 42. d7 a2 43. Bc6 Ke7 44. Ra8 Qd6 45. Re8+ Kf7 46. Ra8 e4+ 47. Kh1 Qd1+ 48. Kh2 Qd6+ 49. Kh1 exf3 50. gxf3 Qd1+ 51. Kh2 Qd6+ 52. Kg2 Ke7 53. Re8+ Kf6 54. Ra8 Qd2+ 55. Kg3 Qg5+ 56. Kf2 Qh4+ 57. Ke2 Qc4+ 58. Kf2 Qc2+ 59. Kg3 Qd3 60. Rxa2 Qd6+ 61. Kg2 h5 62. Re2 h4 63. Re8 Qg3+ 64. Kf1 Qxh3+ 65. Ke2 Qg2+ 66. Ke3 Qg1+ 67. Ke2 Qg2+ 68. Kd3 Qf1+ 69. Kc3 Qc1+ 70. Kd3 Qd1+ 71. Kc4 Qc2+ 72. Kd5 Qd3+ 73. Kxc5 Qc3+ 74. Kb6 Qb4+ 75. Kc7 Qa5+ 76. Kc8 Qa6+ 77. Bb7 Qc4+ 78. Kb8 Qf4+ 79. Ka8 Qa4+ 80. Kb8 Qf4+ 81. Kc8 Qc4+ 82. Kd8 h3 83. Rf8+ Kg7 84. Re8 h2 85. Re7+ Kf6 86. f4 Qb4 87. Bc6 Qxe7+ 88. Kc8 Qe6 89. Kc7 Qxc6+ 90. Kxc6 h1=Q+ 91. Kc7 Qc1+ 92. Kd6 Qd2+ 93. Kc6 Ke7 94. d8=Q+ Qxd8 95. f5 Qd6+ 96. Kb5 gxf5 97. Kc4 f4 98. Kc3 f3 99. Kc2 f2 100. Kc3 f1=Q 101. Kc2 Qe2+ 102. Kc3 Qe3+ 103. Kc2 Qec5+ 104. Kb2 Qdb6+ 105. Ka2 Qca5# 0-1


[Site "https://www.chess.com"]

[Event "Titled Tuesday Blitz March 08 Early 2022"]
[White "Bluebaum, Matthias"]
[Black "Safarli, Eltaj"]
[WhiteFideId "24651516"]
[BlackFideId "13402129"]
[WhiteElo "2550"]
[BlackElo "2634"]
[Result "1-0"]
[Round "08"]
[TimeControl "180+1"]
[Date "2022.03.08"]
[WhiteClock "0:00:18"]
[BlackClock "0:00:05"]

1. b3 Nf6 2. Bb2 g6 3. Nf3 Bg7 4. g3 O-O 5. Bg2 d5 6. c4 Nc6 7. O-O d4 8. d3 a5 9. Na3 e5 10. Nc2 Re8 11. a3 Qd6 12. Rb1 Bg4 13. b4 axb4 14. axb4 Qd7 15. b5 Nd8 16. Re1 Nh5 17. Ra1 Rxa1 18. Qxa1 Ne6 19. Nd2 Ng5 20. Bxb7 Qf5 21. f3 Bh3 22. Bc6 Rf8 23. Ne4 Bh6 24. Nf2 Qf6 25. Bc1 Bc8 26. Kg2 Bg7 27. Bd2 Ne6 28. Qa3 Qd8 29. Nb4 Kh8 30. Nd5 e4 31. Nxe4 f5 32. Nf2 Rf7 33. Qa8 g5 34. Bb7 Bxb7 35. Qxb7 Nf6 36. Ra1 Qg8 37. Ra8 Bf8 38. Nxf6 Rxf6 39. Qd5 g4 40. f4 h5 41. Qe5 Kg7 42. Bb4 Qf7 43. Bxf8+ Nxf8 44. Rc8 Ne6 45. c5 Kh7 46. b6 cxb6 47. cxb6 Ng7 48. Rc7 Qf8 49. b7 Rb6 50. Rxg7+ Qxg7 51. b8=Q Rxb8 52. Qxb8 Qe7 53. Qe5 Qb7+ 54. Ne4 fxe4 55. Qxe4+ Qxe4+ 56. dxe4 Kg6 57. Kf2 1-0


[Site "https://www.chess.com"]

[Event "Titled Tuesday Blitz March 08 Early 2022"]
[White "Borodavkin, Anatoly"]
[Black "Kostiukov, Alexandr"]
[WhiteFideId "14150662"]
[BlackFideId "14108100"]
[WhiteElo "1845"]
[BlackElo "2202"]
[Result "1-0"]
[Round "08"]
[TimeControl "180+1"]
[Date "2022.03.09"]
[WhiteClock "0:00:20"]
[BlackClock "0:00:12"]

1. e4 c5 2. Nc3 g6 3. g3 Bg7 4. Bg2 Nc6 5. d3 e6 6. Be3 Nd4 7. f4 Ne7 8. e5 O-O 9. Ne4 Nef5 10. Bf2 d6 11. c3 Nc6 12. exd6 Nxd6 13. Bxc5 Nxe4 14. dxe4 Qa5 15. Bxf8 Bxc3+ 16. bxc3 Qxc3+ 17. Kf1 Kxf8 18. Ne2 Qe3 19. Qc1 Qd3 20. a4 Nd4 21. Qa3+ Qxa3 22. Rxa3 Nc2 23. Rc3 Nb4 24. e5 Rb8 25. Nd4 Bd7 26. Rc7 Rd8 27. Rxb7 Nd3 28. Nc6 Rc8 29. Rxd7 Nb2 30. Rxa7 h5 31. Rb7 Nc4 32. Rb8 Rxb8 33. Nxb8 Ke7 34. a5 Kd8 35. a6 Kc7 36. a7 Nb6 37. a8=Q Nxa8 38. Bxa8 Kxb8 39. Bf3 Kc7 40. Ke2 Kb6 41. Rc1 h4 42. gxh4 1-0


[Site "https://www.chess.com"]

[Event "Titled Tuesday Blitz March 08 Early 2022"]
[White "Bowden, Karl"]
[Black "De Souza, Cristiano Gomes"]
[WhiteFideId "400548"]
[BlackFideId "2151758"]
[WhiteElo "2371"]
[BlackElo "2068"]
[Result "1-0"]
[Round "08"]
[TimeControl "180+1"]
[Date "2022.03.09"]
[WhiteClock "0:00:55"]
[BlackClock "0:01:16"]

1. e4 c5 2. c3 d6 3. d4 Nf6 4. Bd3 Bd7 5. dxc5 dxc5 6. e5 Nd5 7. Be4 Bc6 8. e6 fxe6 9. Qh5+ Kd7 10. Nf3 Kc8 11. Qh3 Bd7 12. O-O Nc6 13. Re1 Qc7 14. Qh4 Nf6 15. Bc2 b6 16. Nbd2 Kb7 17. Nc4 Rd8 18. Bf4 Qc8 19. Nfe5 Nxe5 20. Nxe5 Bc6 21. Nf7 Rg8 22. Nxd8+ Qxd8 23. Be5 g5 24. Qg3 Nh5 25. Qe3 Nf4 26. Be4 Qe8 27. Rad1 h6 28. b3 h5 29. Qf3 Bh6 30. Bxc6+ Qxc6 31. Rd7+ 1-0


[Site "https://www.chess.com"]

[Event "Titled Tuesday Blitz March 08 Early 2022"]
[White "Buscar, Michael"]
[Black "Sovetbekova, Nurai"]
[WhiteFideId "2603616"]
[BlackFideId "13801910"]
[WhiteElo "2010"]
[BlackElo "1538"]
[Result "0-1"]
[Round "08"]
[TimeControl "180+1"]
[Date "2022.03.09"]
[WhiteClock "0:00:03"]
[BlackClock "0:00:02"]

1. c4 e5 2. Nf3 Nc6 3. Nc3 Bb4 4. e3 Nf6 5. Qc2 d5 6. cxd5 Nxd5 7. Bc4 Be6 8. Nxd5 Bxd5 9. a3 Bxc4 10. Qxc4 Bd6 11. b4 O-O 12. Bb2 Qe7 13. h4 h6 14. h5 e4 15. Nh4 Be5 16. Ng6 Qf6 17. Nxf8 Rxf8 18. Bc3 Bxc3 19. dxc3 Re8 20. O-O Qg5 21. f4 exf3 22. Rxf3 Ne5 23. Qf4 Nxf3+ 24. Qxf3 Qxe3+ 25. Qxe3 Rxe3 26. Rc1 Kf8 27. Kf2 Re5 28. g4 Ke7 29. Kf3 Ke6 30. c4 b6 31. Rd1 c5 0-1


[Site "https://www.chess.com"]

[Event "Titled Tuesday Blitz March 08 Early 2022"]
[White "Carre, Sylvain"]
[Black "Kett, Tim"]
[WhiteFideId "642118"]
[BlackFideId "1801210"]
[WhiteElo "2105"]
[BlackElo "2098"]
[Result "0-1"]
[Round "08"]
[TimeControl "180+1"]
[Date "2022.03.09"]
[WhiteClock "0:00:07"]
[BlackClock "0:00:25"]

1. d4 d5 2. Bf4 e6 3. e3 c5 4. c3 Nc6 5. Nd2 Nf6 6. Bd3 Bd6 7. Bg3 Qc7 8. dxc5 Bxg3 9. hxg3 Ne5 10. Bb5+ Bd7 11. Bxd7+ Nfxd7 12. Ndf3 Qxc5 13. Nxe5 Nxe5 14. Nf3 Nc4 15. Qe2 O-O 16. Nd4 g6 17. g4 e5 18. Nb3 Qe7 19. Rb1 Rfe8 20. Qf3 Rad8 21. Qh3 f6 22. O-O a5 23. Rfd1 b5 24. Qf3 a4 25. Nd2 e4 26. Qe2 Qe6 27. b3 Ne5 28. Qxb5 Qxg4 29. bxa4 Nf3+ 30. Nxf3 exf3 31. Qf1 Re5 32. Rb4 fxg2 33. Qxg2 Qxd1+ 0-1


[Site "https://www.chess.com"]

[Event "Titled Tuesday Blitz March 08 Early 2022"]
[White "Chernov, Alexander A."]
[Black "Tarini, Goyal"]
[WhiteFideId "4152492"]
[BlackFideId "5082749"]
[WhiteElo "1956"]
[BlackElo "1772"]
[Result "0-1"]
[Round "08"]
[TimeControl "180+1"]
[Date "2022.03.09"]
[WhiteClock "0:00:04"]
[BlackClock "0:00:08"]

1. e4 c6 2. Nf3 d5 3. Nc3 Bg4 4. h3 Bxf3 5. Qxf3 e6 6. a3 Nf6 7. d3 d4 8. Nd1 c5 9. g3 Nc6 10. Be2 Be7 11. Qg2 Qd7 12. f4 O-O-O 13. O-O h5 14. Bd2 Nh7 15. Rb1 g5 16. f5 Ne5 17. b4 g4 18. h4 c4 19. dxc4 Nf6 20. Nb2 Rhg8 21. Bf4 Bd6 22. c5 Nf3+ 23. Bxf3 gxf3 24. Qxf3 Bxf4 25. Qxf4 Rg4 26. Qh6 Rxg3+ 27. Kh1 Rdg8 28. Rf2 Qc7 29. Rh2 Ng4 30. Qd2 Nxh2 31. Qxh2 Qf4 32. Re1 Qg4 33. Nd3 Rh3 0-1


[Site "https://www.chess.com"]

[Event "Titled Tuesday Blitz March 08 Early 2022"]
[White "Costachi, Mihnea"]
[Black "Aradhya, Garg"]
[WhiteFideId "1217518"]
[BlackFideId "25006746"]
[WhiteElo "2464"]
[BlackElo "2169"]
[Result "1-0"]
[Round "08"]
[TimeControl "180+1"]
[Date "2022.03.09"]
[WhiteClock "0:01:14"]
[BlackClock "0:00:23"]

1. e4 e5 2. Nf3 Nc6 3. Bc4 Nf6 4. d3 Bc5 5. Nc3 d6 6. h3 h6 7. a3 O-O 8. Be3 Bxe3 9. fxe3 Be6 10. Ba2 d5 11. exd5 Nxd5 12. Nxd5 Bxd5 13. Bxd5 Qxd5 14. e4 Qc5 15. Qe2 a5 16. g4 Ra6 17. Qf2 Qxf2+ 18. Kxf2 f6 19. c3 a4 20. Rac1 Rd8 21. Rhd1 Na5 22. Rc2 Nb3 23. Ke3 c5 24. Nd2 Na5 25. Nf3 Rad6 26. d4 Nc4+ 27. Ke2 b5 28. d5 Kf7 29. Nd2 Nxd2 30. Rcxd2 Ke7 31. Rc2 Rb6 32. h4 Kd6 33. Ke3 Rh8 34. Rg1 Rbb8 35. Rg3 g5 36. Rf2 Rbf8 37. Rh3 c4 38. hxg5 hxg5 39. Rxf6+ Rxf6 40. Rxh8 Rf4 41. Rh6+ Kd7 42. Re6 Rxg4 43. Rxe5 Rg2 44. Kd4 Rxb2 45. Rxg5 Rb3 46. Rg7+ Ke8 47. d6 Rxa3 48. e5 Ra1 49. e6 Kf8 50. e7+ Kxg7 51. e8=Q a3 52. d7 a2 53. Qe5+ Kg6 54. Qg3+ Kf7 55. Kc5 Ke7 56. Qd6+ Kd8 57. Kc6 1-0


[Site "https://www.chess.com"]

[Event "Titled Tuesday Blitz March 08 Early 2022"]
[White "Coto Mederos, Michel"]
[Black "Bulmaga, Irina"]
[WhiteFideId "3508528"]
[BlackFideId "13903063"]
[WhiteElo "2427"]
[BlackElo "2184"]
[Result "1-0"]
[Round "08"]
[TimeControl "180+1"]
[Date "2022.03.09"]
[WhiteClock "0:00:04"]
[BlackClock "0:00:17"]

1. d4 Nf6 2. c4 g6 3. Nc3 d6 4. e4 Bg7 5. f3 O-O 6. Be3 c5 7. Nge2 Nc6 8. Qd2 cxd4 9. Nxd4 Nxd4 10. Bxd4 Be6 11. Be2 Rc8 12. b3 Nh5 13. Bxg7 Nxg7 14. O-O f5 15. Bd3 a6 16. Rae1 Qb6+ 17. Kh1 Qd4 18. Re2 b5 19. exf5 bxc4 20. Bxc4 Qxd2 21. Bxe6+ Nxe6 22. Rxd2 gxf5 23. Nd5 Rf7 24. Re1 Nf8 25. h3 e6 26. Nb6 Rc6 27. Nc4 Rd7 28. Red1 Rd8 29. Rxd6 Rdxd6 30. Rxd6 Rxd6 31. Nxd6 Nd7 32. b4 Kf8 33. Kg1 Ke7 34. Nc4 e5 35. a4 Ke6 36. b5 axb5 37. axb5 Kd5 38. Ne3+ Ke6 39. Kf2 f4 40. Ng4 Kd5 41. Ke2 h5 42. Nf2 Kc4 43. h4 Kxb5 44. Kd3 Nc5+ 45. Kc3 Na4+ 46. Kd3 Kc5 47. Ke4 Kd6 48. Kf5 Kd5 49. Kg5 Ke6 50. Kxh5 Kf5 51. Kh6 Nc3 52. h5 Nd5 53. Kg7 Nf6 54. h6 Nh5+ 55. Kf7 Nf6 56. Ne4 Nxe4 57. fxe4+ Kxe4 58. h7 f3 59. gxf3+ Kxf3 60. h8=Q e4 61. Qh5+ Kf2 62. Qf5+ Ke3 63. Ke6 Kd4 64. Qf4 Kd3 65. Qd6+ Kc2 66. Qe5 Kd3 67. Qd5+ Ke3 68. Ke5 Kf2 69. Qxe4 Kg3 70. Qf4+ Kg2 71. Ke4 Kh1 72. Qg4 Kh2 73. Kf3 Kh1 74. Qg2# 1-0


[Site "https://www.chess.com"]

[Event "Titled Tuesday Blitz March 08 Early 2022"]
[White "Decuigniere, Tom"]
[Black "Dilmukhametov, Artur"]
[WhiteFideId "26093820"]
[BlackFideId "24179922"]
[WhiteElo "1997"]
[BlackElo "2237"]
[Result "1-0"]
[Round "08"]
[TimeControl "180+1"]
[Date "2022.03.09"]
[WhiteClock "0:02:18"]
[BlackClock "0:00:43"]

1. c4 Nf6 2. Nc3 g6 3. e4 d6 4. d4 Bg7 5. Nf3 O-O 6. Be2 e5 7. O-O Nbd7 8. Re1 Nh5 9. Bf1 f5 10. dxe5 dxe5 11. Bg5 Bf6 12. Bxf6 Qxf6 13. Nd5 Qc6 14. Ne7+ Kg7 15. Nxc6 bxc6 16. exf5 gxf5 17. Nxe5 Nxe5 18. Rxe5 Nf6 19. Re7+ Kh8 20. Qa4 Bd7 21. Rd1 Rfd8 22. Rf7 c5 23. Rdxd7 Nxd7 24. Rxd7 Rxd7 25. Qxd7 Rg8 26. h4 f4 27. Bd3 Rg7 28. Qe8+ Rg8 29. Qe5+ Rg7 30. h5 c6 31. h6 a6 32. a3 a5 33. a4 f3 34. g3 Kg8 35. Qe8# 1-0


[Site "https://www.chess.com"]

[Event "Titled Tuesday Blitz March 08 Early 2022"]
[White "Demchenko, Anton"]
[Black "Mirzoev, Azer"]
[WhiteFideId "4160258"]
[BlackFideId "13400304"]
[WhiteElo "2539"]
[BlackElo "2525"]
[Result "1/2-1/2"]
[Round "08"]
[TimeControl "180+1"]
[Date "2022.03.08"]
[WhiteClock "0:00:16"]
[BlackClock "0:00:16"]

1. e4 e5 2. Nf3 Nc6 3. Bc4 Bc5 4. d3 d6 5. c3 Bb6 6. O-O Nf6 7. Nbd2 O-O 8. Bb3 Ne7 9. Nc4 Ng6 10. Re1 c6 11. Nxb6 axb6 12. d4 Qc7 13. h3 b5 14. Bg5 Qe7 15. Bc2 h6 16. Be3 Re8 17. Nd2 Qc7 18. Qf3 Nh7 19. Nf1 Be6 20. a3 Rad8 21. Ng3 Ng5 22. Qh5 Nf4 23. Bxf4 exf4 24. Nf1 Qe7 25. Nh2 Nh7 26. Nf3 Ng5 27. e5 Bd5 28. Nxg5 Qxg5 29. Qxg5 hxg5 30. exd6 Kf8 31. Rxe8+ Rxe8 32. Bd3 Rd8 33. a4 bxa4 34. Rxa4 Rxd6 35. Ra8+ Ke7 36. f3 b5 37. Bf5 g6 38. Be4 Bxe4 39. fxe4 Re6 40. Ra7+ Kf8 41. e5 f6 42. exf6 Rxf6 43. Kf2 Re6 44. Rd7 Ke8 45. Rc7 Kd8 46. Rg7 Ke8 47. Rh7 Kd8 48. Rf7 Ke8 49. Rb7 Kd8 50. d5 cxd5 51. Rxb5 Rd6 52. Ke2 Ke7 53. Kd3 Ke6 54. b4 Ra6 55. Ra5 Rc6 56. Ra2 Ke5 57. Re2+ Kf5 58. b5 Rc8 59. Kd4 Rc4+ 60. Kxd5 Rxc3 61. Rb2 g4 62. hxg4+ Kxg4 63. b6 Rc8 64. b7 Rb8 65. Rb3 g5 66. Ke5 Re8+ 67. Kf6 Rf8+ 68. Kg7 Rb8 69. Kh7 Kh4 70. Kg6 g4 71. Kf5 f3 72. gxf3 gxf3 73. Ke4 f2 74. Rf3 Rxb7 75. Rxf2 Re7+ 76. Kd5 Rd7+ 77. Ke6 Rd1 78. Rf8 Kg3 79. Ke5 Kg2 80. Ke4 Re1+ 81. Kd3 Rf1 82. Rg8+ Kf2 83. Rc8 Rd1+ 84. Ke4 Re1+ 85. Kf4 Re2 86. Rc3 Ra2 87. Rd3 Ra4+ 88. Ke5 Ra5+ 89. Kf6 Ra6+ 90. Ke7 Ra7+ 91. Kd6 Ra8 92. Rb3 Rd8+ 93. Ke7 Rd1 94. Ke6 Re1+ 95. Kf5 Re3 96. Rb4 Re2 97. Rc4 Rd2 98. Kf4 Ke2 99. Re4+ Kd3 100. Re6 Kc3 101. Rc6+ Kd3 102. Ke5 Re2+ 103. Kd5 Rc2 104. Ra6 Rc3 105. Ra4 Rb3 106. Rh4 Rb8 107. Rh3+ Ke2 108. Kc4 Kf2 109. Rh7 Kg3 110. Rf7 Kg4 111. Kd4 Kg5 112. Ke3 Kg6 113. Rc7 Re8+ 114. Kf4 Rf8+ 115. Kg4 Kf6 116. Rc6+ Ke7 117. Kg5 Kd7 118. Ra6 Re8 119. Kf5 Rc8 120. Ke5 Rc5+ 121. Kd4 Rc6 122. Ra5 Rd6+ 123. Kc5 Rc6+ 124. Kd5 Rd6+ 125. Ke5 1/2-1/2


[Site "https://www.chess.com"]

[Event "Titled Tuesday Blitz March 08 Early 2022"]
[White "Dolzhykova, Kateryna"]
[Black "Komiagina, Maria"]
[WhiteFideId "14113414"]
[BlackFideId "4153987"]
[WhiteElo "2184"]
[BlackElo "1945"]
[Result "1-0"]
[Round "08"]
[TimeControl "180+1"]
[Date "2022.03.09"]
[WhiteClock "0:00:18"]
[BlackClock "0:00:01"]

1. e4 c5 2. Nf3 Nc6 3. Bb5 e6 4. O-O Nge7 5. Re1 a6 6. Bf1 d5 7. Nc3 d4 8. Ne2 Ng6 9. d3 Be7 10. Nf4 O-O 11. Nh5 e5 12. h3 Be6 13. Bd2 b5 14. Qc1 Rc8 15. Bh6 Bf6 16. Nxf6+ gxf6 17. Bxf8 Qxf8 18. Kh2 c4 19. Qd2 Qd6 20. g3 Kg7 21. h4 h5 22. Bh3 Bg4 23. Kg2 Bxh3+ 24. Kxh3 Qe6+ 25. Kh2 Qg4 26. Qe2 Qe6 27. a3 Rh8 28. Rac1 Nce7 29. c3 cxd3 30. Qxd3 dxc3 31. Rxc3 Rd8 32. Qe2 Rd7 33. Rd1 Rxd1 34. Qxd1 Qg4 35. Qe2 f5 36. exf5 Nxf5 37. Rc2 e4 38. Ng5 Nd4 39. Qxg4 hxg4 40. Rc7 Ne5 41. Nxe4 1-0


[Site "https://www.chess.com"]

[Event "Titled Tuesday Blitz March 08 Early 2022"]
[White "Dubov, Daniil"]
[Black "Beerdsen, Thomas"]
[WhiteFideId "24126055"]
[BlackFideId "1030108"]
[WhiteElo "2791"]
[BlackElo "2585"]
[Result "1-0"]
[Round "08"]
[TimeControl "180+1"]
[Date "2022.03.08"]
[WhiteClock "0:00:02"]
[BlackClock "0:00:04"]

1. d4 d5 2. Nf3 Nc6 3. Bf4 Bg4 4. Nbd2 e6 5. e3 Bd6 6. Bxd6 cxd6 7. Be2 Nf6 8. O-O O-O 9. c4 Rc8 10. Rc1 h6 11. a3 a5 12. h3 Bh5 13. Qb3 Ne4 14. Rfd1 Nxd2 15. Rxd2 dxc4 16. Rxc4 Qd7 17. Rc3 Ne7 18. Ne5 dxe5 19. Bxh5 Nf5 20. d5 a4 21. Qc2 Rxc3 22. Qxc3 Nd6 23. Bf3 e4 24. Bg4 f5 25. Be2 Kh7 26. dxe6 Qxe6 27. Qb4 Rf6 28. Qxa4 f4 29. Bg4 Qe5 30. Qd4 Qg5 31. exf4 Qxf4 32. Qe3 Qe5 33. Qd4 Qf4 34. Qe3 Qe5 35. Qc3 Qf4 36. g3 Qg5 37. Qe3 Qe5 38. Qd4 Qg5 39. Qd5 Qg6 40. Qh5 Qxh5 41. Bxh5 Nc4 42. Rd4 Nxb2 43. Rxe4 Nd3 44. f4 Ra6 45. f5 g5 46. Re7+ Kg8 47. Rxb7 Rxa3 48. f6 Ne5 49. Rb8+ Kh7 50. f7 Nxf7 51. Bxf7 Rxg3+ 52. Kh2 Rc3 53. Bd5 Kg6 54. Rb6+ Kh5 55. Bf7+ Kh4 56. Rxh6# 1-0


[Site "https://www.chess.com"]

[Event "Titled Tuesday Blitz March 08 Early 2022"]
[White "Erigaisi Arjun"]
[Black "Matlakov, Maxim"]
[WhiteFideId "35009192"]
[BlackFideId "4168003"]
[WhiteElo "2745"]
[BlackElo "2669"]
[Result "1-0"]
[Round "08"]
[TimeControl "180+1"]
[Date "2022.03.08"]
[WhiteClock "0:00:21"]
[BlackClock "0:00:15"]

1. b3 d5 2. Bb2 Bf5 3. Nf3 e6 4. g3 Nf6 5. Bg2 h6 6. O-O Be7 7. c4 O-O 8. d3 c6 9. Nbd2 Bh7 10. a3 a5 11. Qc1 Nbd7 12. Qc3 Qb6 13. Ne5 Nxe5 14. Qxe5 Rfd8 15. Bd4 c5 16. Bb2 d4 17. Qf4 e5 18. Qf3 Rd7 19. Rfb1 Bd6 20. Bc1 Re8 21. Ne4 Nxe4 22. dxe4 Rdd8 23. Qd3 Ra8 24. Bd2 Qc6 25. Rb2 b6 26. Rab1 f5 27. exf5 e4 28. g4 Rad8 29. Qh3 Qc7 30. g5 hxg5 31. Bxg5 Be7 32. Bxe7 Qxe7 33. b4 axb4 34. axb4 Qg5 35. bxc5 bxc5 36. Qg3 Qxg3 37. hxg3 Bxf5 38. Rd1 e3 39. Bd5+ Be6 40. Bxe6+ Rxe6 41. f4 Kf7 42. Kg2 Kf6 43. Rb5 Rc6 44. Kf3 g5 45. Rh1 Kg6 46. Ra1 gxf4 47. gxf4 Kf6 48. Raa5 Rdc8 49. Ke4 R6c7 50. Rb6+ Kg7 51. Raa6 Re7+ 52. Kf3 Rd8 53. Rg6+ Kf7 54. Raf6+ Ke8 55. Rc6 d3 56. Rg8+ Kd7 57. Rxd8+ Kxd8 58. Rd6+ Kc7 59. Rxd3 Rh7 60. Kxe3 Kc6 61. Ke4 Rh1 62. Rc3 Re1 63. e3 Kb6 64. Kd5 Rd1+ 65. Ke6 Ka5 66. Rb3 Rc1 67. Rb5+ 1-0


[Site "https://www.chess.com"]

[Event "Titled Tuesday Blitz March 08 Early 2022"]
[White "Estrada Nieto, Julian"]
[Black "Petrova, Irina"]
[WhiteFideId "5101018"]
[BlackFideId "14124122"]
[WhiteElo "2246"]
[BlackElo "1993"]
[Result "1-0"]
[Round "08"]
[TimeControl "180+1"]
[Date "2022.03.09"]
[WhiteClock "0:00:19"]
[BlackClock "0:00:47"]

1. e4 d6 2. d4 Nf6 3. Nc3 e5 4. Nf3 Nbd7 5. Bc4 Be7 6. O-O O-O 7. Re1 c6 8. a4 h6 9. b3 Re8 10. Bb2 Bf8 11. h3 Qc7 12. Qd2 b6 13. d5 Bb7 14. dxc6 Bxc6 15. Rad1 Nc5 16. Nd5 Bxd5 17. Bxd5 Rac8 18. Ba3 Nxd5 19. Qxd5 Qc6 20. Bxc5 Qxc5 21. Qxc5 Rxc5 22. c4 a6 23. Nd2 b5 24. axb5 axb5 25. Ra1 bxc4 26. Nxc4 d5 27. exd5 Rxd5 28. Ra2 Rb8 29. Rxe5 Rxe5 30. Nxe5 Rxb3 31. Ra8 Rb7 32. g3 f6 33. Ng6 Rf7 34. h4 h5 35. Kg2 f5 36. Kf3 Rf6 37. Nf4 g6 38. Nh3 Kg7 39. Ng5 Be7 40. Ra7 Rf7 41. Nxf7 Kxf7 42. Ra6 Bf6 43. Ke2 Kg7 44. Kd3 Kh6 45. Rxf6 1-0


[Site "https://www.chess.com"]